 Dungeon Crawl Stone Soup version 0.29.0-10-g45618ea6d2 (webtiles) character file.

Game seed: 2597769032322603709

30534 edwardauron the Timeless (level 13, -3/99 HPs)
             Began as a Demonspawn Earth Elementalist on Sept 2, 2022.
             Was a High Priest of Cheibriados.
             Slain by a death yak (10 damage)
             ... on level 5 of the Lair of Beasts.
             The game lasted 00:26:04 (13794 turns).

edwardauron the Timeless (DsEE)                    Turns: 13794, Time: 00:26:05

Health: -3/99      AC: 14    Str: 28    XL:     13   Next: 21%
Magic:  1/25       EV: 14    Int: 30    God:    Cheibriados [*****.]
Gold:   991        SH: 21    Dex: 32    Spells: 24/28 levels left

rFire   + . .      SeeInvis +   a - +7 mace of Ken Icyd {protect, rElec rPois Str+3}
rCold   + . .      Faith    .   N - +2 kite shield {reflect}
rNeg    . . .      Spirit   .   l - +3 ring mail {rC+}
rPois   +          Reflect  +   (helmet unavailable)
rElec   +          Harm     .   e - +1 cloak
rCorr   .          Rampage  .   t - +1 pair of gloves of the Stars {Fly Regen+ Dex+4}
Will    +....                   (no boots)
Stlth   +++.......              p - amulet of reflection
HPRegen 1.06/turn               g - ring of protection from fire
MPRegen 0.19/turn               k - +4 ring of evasion

@: petrifying, flying, very slow
A: antennae 3, spiny 3, sturdy frame 2, demonic willpower, mutation resistance 1
a: Renounce Religion, Bend Time, Temporal Distortion, Slouch, Step From Time


You were on level 5 of the Lair of Beasts.
You worshipped Cheibriados.
Cheibriados was extremely pleased with you.
You visited 3 branches of the dungeon, and saw 16 of its levels.
You also visited: Gauntlet.

You collected 991 gold pieces.

Inventory:

Hand Weapons
 a - the +7 mace of Ken Icyd (weapon) {protect, rElec rPois Str+3}
   (You found it on level 2 of the Dungeon)

   It grants its wielder temporary protection when it strikes (+7 to AC).
   Str:       It affects your strength (+3).
   rElec:     It insulates you from electricity.
   rPois:     It protects you from poison.
Missiles
 A - 2 throwing nets
Armour
 e - a +1 cloak (worn)
 h - the +1 plate armour "Hupumpu" {rF++ Dex+2}
   (You found it on level 6 of the Dungeon)

   Dex:       It affects your dexterity (+2).
   rF:        It greatly protects you from fire.
 l - a +3 ring mail of cold resistance (worn)
 t - the +1 pair of gloves of the Stars (worn) {Fly Regen+ Dex+4}
   (You found it in a Gauntlet)

   Dex:       It affects your dexterity (+4).
   Fly:       It grants you flight.
   Regen:     It increases your rate of health regeneration.
 H - the +15 Maxwell's patent armour {-Cast -Tele rElec Will+ rCorr}
   (You took it off a minotaur in a Gauntlet)

   rElec:     It insulates you from electricity.
   -Cast:     It prevents spellcasting.
   -Tele:     It prevents most forms of teleportation.
   rCorr:     It protects you from acid and corrosion.
   Will:      It increases your willpower.
 N - a +2 kite shield of reflection (worn)
Magical Staves
 n - a staff of poison
Jewellery
 f - a ring of wizardry
 g - a ring of protection from fire (left hand)
 k - a +4 ring of evasion (right hand)
 p - an amulet of reflection (around neck)
 x - an amulet of guardian spirit
 z - a ring of flight
 B - a ring of ice
 K - an amulet of regeneration
 M - a ring of willpower
Wands
 d - a wand of paralysis (9)
 y - a wand of mindburst (20)
 C - a wand of iceblast (4)
 G - a wand of flame (13)
 I - a wand of polymorph (3)
Scrolls
 m - a scroll of magic mapping
 o - a scroll of fear
 r - 3 scrolls of amnesia
 u - 2 scrolls of poison
 v - 2 scrolls of identify
 D - 5 scrolls of blinking
 E - 6 scrolls of teleportation
 F - 2 scrolls of enchant weapon
Potions
 b - 2 potions of magic
 c - 5 potions of curing
 i - 3 potions of cancellation
 j - 2 potions of brilliance
 s - a potion of flight
 J - a potion of ambrosia
 L - 2 potions of heal wounds
Miscellaneous
 w - a condenser vane (inert)


   Skills:
 + Level 8.3 Fighting
 + Level 7.6 Armour
 + Level 7.8 Dodging
 - Level 1.7 Stealth
 + Level 6.6 Shields
 + Level 8.0 Spellcasting
 + Level 7.6 Conjurations
 - Level 0.8 Transmutations
 + Level 8.2 Earth Magic
 + Level 9.0 Invocations
 + Level 3.7 Evocations


You had 24 spell levels left.
You knew the following spells:

 Your Spells              Type           Power      Damage    Failure   Level
a - Sandblast             Erth           100%       2d20      1%          1
b - Stone Arrow           Conj/Erth      100%       3d13      1%          3

Your spell library contained the following spells:

 Spells                   Type           Power      Damage    Failure   Level
 Passwall                 Tmut/Erth      32%        N/A       2%          2
 Sting                    Tmut/Pois      56%        1d5       10%         1
 Blink                    Tloc           24%        N/A       19%         2
 Poisonous Vapours        Pois/Air       24%        N/A       19%         2
 Petrify                  Tmut/Erth      39%        N/A       19%         4
 Lesser Beckoning         Tloc           12%        N/A       34%         3
 Fireball                 Conj/Fire      17%        3d9       56%         5
 Olgreb's Toxic Radiance  Pois           12%        N/A       75%         4
 Passage of Golubria      Tloc           12%        N/A       75%         4
 Manifold Assault         Tloc           12%        N/A       97%         5
 Silence                  Hex/Air        6%         N/A       97%         5
 Starburst                Conj/Fire      17%        6d6       98%         6
 Spellforged Servitor     Conj/Summ      17%        N/A       100%        7
 Lehudib's Crystal Spear  Conj/Erth      28%        10d7      100%        8


Dungeon Overview and Level Annotations

Branches:
Dungeon (11/15)            Temple (1/1) D:4            Lair (5/5) D:9
  Snake (0/4) Lair:3        Slime (0/5) Lair:5          Orc (0/2) D:10
Gauntlet (visited)
  Swamp: Lair:2-3    Shoals: Lair:2-3

Altars:
Ashenzari
Cheibriados
Fedhas
Gozag
Hepliaklqana
Kikubaaqudgha
Makhleb
Nemelex Xobeh
Okawaru
Qazlal
Ru
Trog
Uskayaw
Vehumet
Wu Jian
Xom
Yredelemnul
Jiyva

Shops:
D:6 *


Innate Abilities, Weirdness & Mutations

You have a pair of large antennae on your head. (SInv)
You are completely covered in sharp spines.
Your movements are less encumbered by armour. (ER -4)
You punish those that try to bend your will. (Will+)
You are somewhat resistant to further mutation.


Message History

The catoblepas breathes a plume of calcifying dust at you.
The blast of calcifying dust hits you but does no damage.
You are engulfed in calcifying dust.
The death yak is struck by your spines.
The death yak gores you but does no damage.
The catoblepas breathes a plume of calcifying dust at you.
The blast of calcifying dust hits you.
* * * LOW HITPOINT WARNING * * *
You are engulfed in calcifying dust.
The death yak completely misses you.
The catoblepas is struck by your spines.
The catoblepas gores you!!
* * * LOW HITPOINT WARNING * * *
You are engulfed in calcifying dust.
The death yak is struck by your spines. The death yak gores you!
* * * LOW HITPOINT WARNING * * *
The catoblepas is struck by your spines.
The catoblepas gores you!
* * * LOW HITPOINT WARNING * * *
You turn to flesh and can move again.
Activating: Slouch (2% risk of failure)
Press: ? - help, Dir - look around, f - activate You can feel time thicken for a moment.
Cheibriados lowers the support of your attributes as your movement quickens.
You are engulfed in calcifying dust.
You are slowing down.
The death yak is struck by your spines. The death yak closely misses you.
The catoblepas breathes a plume of calcifying dust at you.
The blast of calcifying dust hits you.
* * * LOW HITPOINT WARNING * * *
Unknown command.
Activating: Slouch (2% risk of failure)
Press: ? - help, Dir - look around, f - activate You can feel time thicken for a moment.
You kill the catoblepas!
Cheibriados appreciates the change of pace.
You kill the death yak!
Cheibriados thoroughly appreciates the change of pace.
Cheibriados lowers the support of your attributes as your movement quickens.
You are engulfed in calcifying dust.
The death yak is no longer petrified. x2
The death yak barely misses you. The death yak gores you!
You die...

......####...###
....### ###...##
.÷.## ****##...##
#..* **,,**#...P##
#.#* **,,,,,##....#
*,****,,,8,8,#....#
*,,**,,,{,,,,##...#
,,,**,,{,,,,,,#...#
,,,*,,8,,8,,8,##@†#
,,,**,,,8,*,,,,#YY##
,,,,*,,,,**{..,#Y..#
,,,,*,8.**###.,#...#
,,,,*,,..##...,#...#
,,,,**,8......,#...#
*,,,,*,.÷....Y##..##
**,,,**#.....{#.†##
,*,,,,,**#...÷#{##


You could see 3 death yaks.

Vanquished Creatures
  Gastronok (D:10)
  A minotaur (Gauntlet)
  Snorg (D:10)
  A hell beast (Gauntlet)
  A catoblepas (Lair:5)
  Erolcha (D:9)
  A centaur warrior (D:11)
  A death scarab (Gauntlet)
  2 death yaks (Lair:5)
  A tengu warrior (Gauntlet)
  Nergalle (D:10)
  Pikel (D:4)
  A cyclops (D:11)
  13 elephants
  Joseph (D:10)
  A torpor snail (Lair:2)
  2 cane toads
  2 gargoyles
  Psyche (D:10)
  6 komodo dragons
  A tengu conjurer (Gauntlet)
  3 trolls
  10 blink frogs (Lair:5)
  Sigmund (D:2)
  2 wyverns
  A vampire (D:11)
  A spectral komodo dragon (Gauntlet)
  A basilisk (Lair:2)
  18 yaks
  3 steam dragons
  4 vampire mosquitoes (D:11)
  An acid dragon (D:10)
  Duvessa (D:7)
  8 water moccasins
  2 hell hounds (Gauntlet)
  3 orc warriors
  2 ice beasts
  2 black bears
  4 ogres
  32 wolves
  10 centaurs
  A lemure (D:3)
  2 kobold brigands (D:10)
  10 bullfrogs
  7 scorpions
  A gnoll sergeant (D:8)
  2 necrophages (D:5)
  Dowan (D:7)
  4 killer bees (D:9)
  7 hounds
  3 jellies
  A gnoll bouda (Lair:2)
  8 orc priests
  Crazy Yiuf (D:3)
  4 iguanas
  8 orc wizards
  6 gnolls
  8 adders
  2 shadow imps
  A white imp (D:8)
  An ufetubus (D:7)
  4 worms
  A dart slug (D:3)
  22 orcs
  5 endoplasms
  4 giant cockroaches
  7 goblins
  5 hobgoblins
  4 jackals (D:3)
  3 quokkas (D:1)
  A ball python (D:4)
  11 bats
  3 frilled lizards
  14 kobolds
  8 rats
320 creatures vanquished.

Vanquished Creatures (others)
  A sky beast (D:7)
  20 fungi
  8 plants
29 creatures vanquished.

Grand Total: 349 creatures vanquished

Notes
Turn   | Place    | Note
-------+----------+-------------------------------------------
     0 | D:1      | edwardauron the Demonspawn Earth Elementalist began the
                  | quest for the Orb.
     0 | D:1      | Reached XP level 1. HP: 13/13 MP: 3/3
   232 | D:1      | Gained mutation: Your movements are slightly less
                  | encumbered by armour. (ER -2) [demonic ancestry]
   232 | D:1      | Reached XP level 2. HP: 20/20 MP: 1/5
   731 | D:1      | Reached skill level 1 in Fighting
   912 | D:2      | Found a faded altar of an unknown god.
   917 | D:2      | Reached XP level 3. HP: 26/26 MP: 2/6
   954 | D:2      | Noticed Sigmund
   960 | D:2      | Killed Sigmund
   961 | D:2      | Reached skill level 1 in Armour
   961 | D:2      | Gained mutation: You have a pair of small antennae on your
                  | head. [demonic ancestry]
   961 | D:2      | Reached XP level 4. HP: 22/33 MP: 0/8
   961 | D:2      | Gained mutation: You are partially covered in sharp spines.
                  | [demonic ancestry]
   961 | D:2      | Reached XP level 5. HP: 25/38 MP: 0/9
  1133 | D:2      | Found a stormy altar of Qazlal.
  1231 | D:2      | Identified the +7 mace of Ken Icyd {protect, rElec rPois
                  | Str+3}
  1854 | D:3      | You fall into a shaft and drop 2 floors!
  1854 | D:5      | Entered Level 5 of the Dungeon
  1892 | D:5      | Noticed a water moccasin
  1897 | D:5      | Noticed an ice beast
  1898 | D:5      | Killed a water moccasin
  1899 | D:5      | Gained mutation: Your movements are less encumbered by
                  | armour. (ER -4) [demonic ancestry]
  1899 | D:5      | Reached XP level 6. HP: 46/46 MP: 6/10
  1909 | D:4      | Killed an ice beast
  2088 | D:3      | Identified the +8 short sword "Decy" {flame, rC+}
  2117 | D:3      | Found a shimmering altar of Xom.
  2121 | D:3      | Found a broken altar of Ashenzari.
  2123 | D:3      | Found a burning altar of Makhleb.
  2166 | D:3      | Found a runed translucent door.
  2167 | D:3      | Noticed Crazy Yiuf
  2766 | D:3      | Killed Crazy Yiuf
  2767 | D:3      | Gained mutation: You have a pair of antennae on your head.
                  | [demonic ancestry]
  2767 | D:3      | Reached XP level 7. HP: 52/52 MP: 8/12
  2798 | D:3      | Learned a level 3 spell: Stone Arrow
  2899 | D:4      | Noticed Pikel
  2935 | D:4      | Killed Pikel
  2936 | D:4      | Reached skill level 1 in Conjurations
  3170 | D:4      | Found a staircase to the Ecumenical Temple.
  3231 | D:4      | Reached XP level 8. HP: 60/60 MP: 7/14
  3357 | Temple   | Entered the Ecumenical Temple
  3382 | Temple   | Became a worshipper of Cheibriados the Contemplative
  3907 | D:5      | Reached skill level 1 in Shields
  4159 | D:5      | Identified the +3 whip of the Threshing Gods {spect, rF-
                  | Dex+2 Stlth+}
  4209 | D:5      | Identified the +7 long sword "Vyitiog" {holy, rF+ MP+9
                  | Str+3 Dex-3}
  4258 | D:5      | Reached skill level 5 in Earth Magic
  4306 | D:5      | Found an ancient bone altar of Kikubaaqudgha.
  4314 | D:5      | Reached * piety under Cheibriados
  4683 | D:6      | Gained mutation: You are mostly covered in sharp spines.
                  | [demonic ancestry]
  4683 | D:6      | Reached XP level 9. HP: 66/66 MP: 16/16
  4969 | D:6      | Reached skill level 5 in Spellcasting
  4993 | D:6      | Gained mutation: You are somewhat resistant to further
                  | mutation. [potion of mutation]
  5133 | D:6      | Reached skill level 1 in Invocations
  5357 | D:6      | Reached ** piety under Cheibriados
  5451 | D:6      | Found Cyfishra's General Store.
  5548 | D:6      | Identified the +1 plate armour "Hupumpu" {rF++ Dex+2}
  5795 | D:7      | Paralysed by an orc for 4 turns
  5796 | D:7      | Reached skill level 5 in Fighting
  5799 | D:7      | Reached skill level 5 in Dodging
  5806 | D:7      | Reached skill level 2 in Invocations
  5807 | D:7      | Noticed Duvessa
  5808 | D:7      | Noticed Dowan
  5813 | D:7      | Paralysed by an orc for 2 turns
  5850 | D:7      | Killed Dowan
  5891 | D:7      | Reached skill level 3 in Invocations
  6025 | D:7      | Killed Duvessa
  6221 | D:7      | Found the +6 shillelagh "Devastator" {shatter}
  6405 | D:7      | Found Ofyogin's Lightly-Used Armoury.
  6526 | D:8      | Found an ornate altar of the Wu Jian Council.
  6639 | D:8      | Reached skill level 5 in Armour
  6641 | D:8      | Gained mutation: You have a pair of large antennae on your
                  | head. (SInv) [demonic ancestry]
  6641 | D:8      | Reached XP level 10. HP: 68/74 MP: 11/18
  6641 | D:8      | Reached *** piety under Cheibriados
  7304 | D:9      | Found a hazy altar of Hepliaklqana.
  7584 | D:9      | Noticed Erolcha
  7591 | D:9      | Killed Erolcha
  7592 | D:9      | Reached skill level 4 in Invocations
  7671 | D:9      | Found a staircase to the Lair.
  8084 | D:10     | Entered Level 10 of the Dungeon
  8084 | D:10     | Noticed Gastronok
  8102 | D:10     | Killed Gastronok
  8103 | D:10     | Reached skill level 5 in Conjurations
  8103 | D:10     | Reached skill level 5 in Invocations
  8511 | D:10     | Identified a scroll of acquirement
  8511 | D:10     | Acquired an amulet of reflection
  8599 | D:10     | Noticed Nergalle
  8616 | D:10     | Noticed a spectral orc warlord
  8617 | D:10     | Noticed a spectral orc warlord
  8618 | D:10     | Killed Nergalle
  8920 | D:10     | Found a staircase to the Orcish Mines.
  9067 | D:10     | Noticed Joseph
  9076 | D:10     | Killed Joseph
  9077 | D:10     | Gained mutation: You are completely covered in sharp
                  | spines. [demonic ancestry]
  9077 | D:10     | Reached XP level 11. HP: 70/83 MP: 7/20
  9301 | D:10     | Found a basalt altar of Yredelemnul.
  9376 | D:10     | Reached **** piety under Cheibriados
  9377 | D:10     | Found an iron altar of Okawaru.
  9574 | D:10     | Noticed Snorg
  9580 | D:10     | Killed Snorg
  9670 | D:10     | Noticed Psyche
  9713 | D:10     | Killed Psyche
 10055 | D:11     | Reached skill level 6 in Invocations
 10268 | D:11     | Noticed a centaur warrior
 10291 | D:11     | Noticed a boulder beetle
 10297 | D:11     | Reached skill level 5 in Shields
 10299 | D:11     | Killed a centaur warrior
 10345 | D:11     | Noticed a skeletal warrior
 10470 | Lair:1   | Entered Level 1 of the Lair of Beasts
 10693 | Lair:1   | Reached ***** piety under Cheibriados
 10726 | Lair:1   | Identified the +4 sling of Kikeuzir {flame, Will++ Str+2
                  | Int+3 Dex+2}
 10750 | Lair:1   | Reached skill level 7 in Invocations
 11283 | Lair:2   | Reached XP level 12. HP: 91/91 MP: 22/22
 11321 | Lair:2   | Reached skill level 1 in Evocations
 12289 | Lair:3   | Found a staircase to the Snake Pit.
 12335 | Lair:3   | Reached skill level 8 in Invocations
 12581 | Lair:3   | You fall into a shaft and drop 2 floors!
 12581 | Lair:5   | Entered Level 5 of the Lair of Beasts
 12625 | Lair:5   | Found a gate leading to a gauntlet.
 12634 | Gauntlet | Entered a Gauntlet
 12634 | Gauntlet | Found a transporter.
 12634 | Gauntlet | Found a transporter.
 12634 | Gauntlet | Found a transporter.
 12637 | Gauntlet | Noticed a tengu warrior
 12641 | Gauntlet | Found a transporter.
 12642 | Gauntlet | Found a transporter.
 12645 | Gauntlet | Found a transporter.
 12647 | Gauntlet | Noticed a death scarab
 12651 | Gauntlet | Found a transporter.
 12653 | Gauntlet | Found a transporter.
 12654 | Gauntlet | Found a transporter.
 12656 | Gauntlet | Found a transporter.
 12661 | Gauntlet | Noticed a quicksilver ooze
 12663 | Gauntlet | Noticed a hell beast
 12664 | Gauntlet | Found a transporter.
 12664 | Gauntlet | Found a transporter.
 12851 | Gauntlet | Killed a tengu warrior
 12870 | Gauntlet | Killed a death scarab
 12928 | Gauntlet | Killed a hell beast
 12929 | Gauntlet | Gained mutation: You punish those that try to bend your
                  | will. (Will+) [demonic ancestry]
 12929 | Gauntlet | Reached XP level 13. HP: 43/98 MP: 0/24
 13180 | Gauntlet | Noticed a minotaur
 13192 | Gauntlet | Killed a minotaur
 13242 | Gauntlet | Identified the +1 pair of gloves of the Stars {Fly Regen+
                  | Dex+4}
 13242 | Gauntlet | Identified the +0 leather armour of Ennui {Fly Str-5 Dex+4}
 13258 | Gauntlet | Identified the +0 kite shield of Servitude {+Blink rC-
                  | rCorr Slay+5}
 13262 | Gauntlet | Got the Discourse on Gathered Ignition
 13339 | Lair:5   | Found a viscous altar of Jiyva.
 13339 | Lair:5   | Found a staircase to the Slime Pits.
 13498 | Lair:5   | Reached ****** piety under Cheibriados
 13499 | Lair:5   | Reached skill level 9 in Invocations
 13794 | Lair:5   | Slain by a death yak

Illustrated notes

Levels and vault maps discovered:
D:1:      dpeg_arrival_subterranean_lakeside_camping, layout_rooms,
          serial_curves, eino_curves_03, eino_curves_01, eino_curves_01,
          eino_curves_02
D:2:      layout_basic, basic_altar, basic_ecumenical_altar, uniq_sigmund
D:3:      layout_basic, nicolae_overflow_hidden_temple, uniq_crazy_yiuf_cottage
D:4:      layout_cave_pools, minmay_temple_entry_antechambers,
          hangedman_decor_growths, uniq_pikel
D:5:      layout_gridville, mainiacjoe_overflow_cross_hatched,
          kennysheep_path_1, minmay_joined_circles
D:6:      layout_cave_pods, tso_altar, nicolae_take_the_stairs
D:7:      layout_basic, minmay_shop_damaged, uniq_duvessa
D:8:      layout_cave_pods, kennysheep_mini_moat
D:9:      layout_rooms, nicolae_hepliaklqana_hazy_memory, lair_entry_dummy,
          uniq_erolcha
D:10:     layout_roguey, kennysheep_ying_yang, okawaru_metal_pillars_3,
          uniq_nergalle, uniq_snorg, uniq_gastronok, uniq_psyche, uniq_joseph
D:11:     minmay_the_grid_octo_tiled_squarecenter [minmay_the_grid_octo_clover,
          minmay_the_grid_octo_focus, minmay_the_grid_octo_empty,
          minmay_the_grid_octo_teeth,
          minmay_the_grid_square_5x5_megaprize_crossed,
          minmay_the_grid_square_5x5_checkered, minmay_the_grid_square_5x5_v,
          minmay_the_grid_square_5x5_beaten_path,
          minmay_the_grid_square_5x5_almost_minimal], layout_rooms, uniq_grum,
          uniq_josephine
Temple:   chequers_temple_sunken
Lair:1:   layout_gridlike, serial_bayou_shore_b
Lair:2:   layout_cave_pods, dreamdust_gnoll_shepherd
Lair:3:   layout_cave_pods, elwin_shoals_entry_stream, dummy_snake_entry,
          chequers_serial_rivers_micro_c, beast_lair_carwin_2
Lair:5:   grunt_lair_end_beastmaster, layout_long_grid, slime_entry_1,
          gauntlet_entry_generic, grunt_forest_large_clearings,
          lemuel_fruit_tree

Skill      XL: |  1  2  3  4  5  6  7  8  9 10 11 12 13 |
---------------+----------------------------------------+-----
Dodging        | 2 3 4 5 6 7 |  7.8
Fighting       | 1 2 3 4 5 6 7 8 |  8.3
Earth Magic    | 3 4 5 6 7 8 |  8.2
Armour         | 1 2 3 4 5 6 7 |  7.6
Spellcasting   | 3 4 5 6 7 8 |  8.0
Conjurations   | 1 3 4 5 6 7 |  7.6
Shields        | 2 3 4 5 6 |  6.6
Invocations    | 3 5 7 8 9 |  9.0
Evocations     | 3 |  3.7
Stealth        | |  1.7
Transmutations | |  0.8

Action                   |  1- 3 |  4- 6 |  7- 9 | 10-12 | 13-15 || total
-------------------------+-------+-------+-------+-------+-------++-------
Melee: Falchion          |    41 |     9 |       |       |       ||    50
       Mace              |       |    20 |    81 |   256 |    44 ||   401
       Staff             |       |       |     5 |       |       ||     5
 Cast: Sandblast         |    19 |    41 |   115 |   107 |     1 ||   283
       Stone Arrow       |       |       |       |    55 |    19 ||    74
Invok: Slouch            |       |       |       |     2 |     2 ||     4
Evoke: Condenser vane    |       |       |       |     1 |     1 ||     2
  Use: Scroll            |       |     5 |    13 |     9 |     2 ||    29
       Potion            |       |       |     8 |     9 |       ||    17
 Stab: Sleeping          |     3 |     2 |     1 |     2 |       ||     8
       Confused          |       |       |       |     1 |     4 ||     5
       Petrified         |       |       |       |       |     4 ||     4
Armor: Robe              |     6 |       |       |       |       ||     6
       Ring mail         |    15 |    19 |    81 |    70 |    18 ||   203
       Troll leather arm |       |       |       |    65 |       ||    65
       Skin              |       |       |       |    10 |       ||    10
Dodge: Dodged            |    37 |    45 |   153 |   382 |    64 ||   681
Block: Kite shield       |       |       |    82 |   493 |    81 ||   656
       Reflection        |       |       |       |    25 |     1 ||    26
